 Dungeon Sprint DCSS version 0.30-a0-509-gd016549fea (webtiles) character file.

Game seed: 7906576884118461038

1220 rocky1 the Carver (level 8, -13/67 HPs)
             Began as a Merfolk Gladiator on Dec 23, 2022.
             Was an Initiate of Gozag.
             Mangled by Snorg (16 damage)
             ... in the Dungeon (Sprint III: "The Ten Rune Challenge").
             The game lasted 00:05:24 (967 turns).

rocky1 the Carver (Merfolk Gladiator)                Turns: 967, Time: 00:05:24

Health: -13/67     AC:  4    Str: 15    XL:     8   Next: 47%
Magic:  18/18      EV: 22    Int:  7    God:    Gozag
Gold:   255        SH:  0    Dex: 17    Spells: 19/21 levels left

rFire   + . .      SeeInvis .    a - +2 long sword (holy)
rCold   + . .      Faith    .    (no shield)
rNeg    . . .      Spirit   .    s - +0 leather armour
rPois   +          Reflect  .    c - +0 helmet
rElec   +          Harm     .    (no cloak)
rCorr   +          Rampage  .    (no gloves)
Will    .....      NoTele   +    (boots currently unavailable)
Stlth   ++++......               (no amulet)
HPRegen 0.31/turn                (no ring)
MPRegen 0.16/turn                (no ring)

@: resistant, hasted, very quick
A: nimble swimmer 2, mertail
a: Renounce Religion, Potion Petition, Call Merchant, Bribe Branch


You were in the Dungeon.
You worshipped Gozag.
Gozag was aware of your devotion.
You visited 1 branch You collected 535 gold pieces.
You paid 280 gold pieces to Gozag.

Inventory:

Hand Weapons
 a - a +2 long sword of holy wrath (weapon)
 b - a +2 dagger of electrocution
 t - a +0 long sword
Missiles
 d - 2 throwing nets (quivered)
 e - a javelin
Armour
 c - a +0 helmet (worn)
 s - a +0 leather armour (worn)
Wands
 j - a wand of roots (6)
Scrolls
 k - a scroll of blinking
 l - a scroll of enchant weapon {unknown}
 n - 2 scrolls of poison {unknown}
 o - 3 scrolls of identify
Potions
 f - 2 potions of curing
 i - 2 potions of magic
 m - 2 potions of mutation {unknown}
 p - a potion of attraction {unknown}
 q - 3 potions of flight
 r - a potion of cancellation {unknown}


   Skills:
 + Level 7.2 Fighting
 + Level 13.1 Long Blades
 - Level 2.7 Throwing
 + Level 4.3 Armour
 + Level 11.2 Dodging
 + Level 4.7 Stealth
 * Level 7.1 Spellcasting


You had 19 spell levels left.
You knew the following spells:

 Your Spells              Type           Power      Damage    Failure   Level
a - Wereblood             Tmut           2%         N/A       38%         2

Your spell library contained the following spells:

 Spells                   Type           Power      Damage    Failure   Level
 Beastly Appendage        Tmut           4%         N/A       28%         1
 Spider Form              Tmut/Pois      2%         N/A       63%         3
 Blade Hands              Tmut           1%         N/A       100%        5
 Irradiate                Conj/Tmut      1%         3d12      100%        5
 Dragon Form              Tmut           1%         N/A       100%        7


Dungeon Overview and Level Annotations

Branches:
Dungeon (1/1)

Altars:
Cheibriados
Dithmenos
Elyvilon
Fedhas
Gozag
Hepliaklqana
Kikubaaqudgha
Makhleb
Nemelex Xobeh
Okawaru
Qazlal
Ru
Sif Muna
Trog
Uskayaw
Vehumet
Wu Jian
Xom
Yredelemnul
Zin
The Shining One
Jiyva
Lugonu

Annotations:
D Snorg


Innate Abilities, Weirdness & Mutations

You are very nimble when in or above water. (Stealth+, EV+, Speed+++)
Your lower body shifts to a powerful aquatic tail in water.


Message History

[a] - 600 gold - haste and resistance [b] - 280 gold - resistance [c] - 572 gold - resistance, invisibility, might and brilliance Purchase which effect?
You no longer have enough gold to petition Gozag for potion effects.
You feel protected. Snorg bites you! Snorg claws you.
Snorg completely misses you.
Unknown command.
You feel yourself speed up.
Snorg misses you. x2; Snorg closely misses you.
You slice Snorg!!
Snorg is lightly wounded.
Snorg bites you! Snorg completely misses you. x2
You slash Snorg!
Snorg is lightly wounded.
Snorg bites you but does no damage. Snorg completely misses you. x2
You hit Snorg. You punch Snorg, but do no damage.
Snorg is lightly wounded.
Snorg bites you!!
* * * LOW HITPOINT WARNING * * *
Snorg closely misses you. Snorg completely misses you.
You hit Snorg.
Snorg is lightly wounded.
Unknown command.
You feel much better. Snorg bites you!! Snorg claws you!
* * * LOW HITPOINT WARNING * * *
Snorg misses you.
Unknown command.
You feel much better. Snorg completely misses you. Snorg claws you!!
* * * LOW HITPOINT WARNING * * *
Snorg claws you!
* * * LOW HITPOINT WARNING * * *
Unknown command.
Throw: 3 throwing nets
Press: ? - help, Q - select action, (/) - cycle Shift-Dir - straight line, f - Snorg
Aim: Snorg (black smoke, lightly wounded, berserk, 64% to hit)
You throw a throwing net.
The throwing net completely misses Snorg.
Snorg bites you!
You die...
Your body crumbles into a pile of gold. ♣.############ $ ♣.#___#___#__# $ $$$$$

♣.#...#__)#[_# $ $
..###'#'###'##
..#..........#$$ $
♣.'.⌠........# $ $$
$ ..#...######'# $
..#.⌠.#__#...#+#####
..#...#__#...#§§@§§+
..#)###__#...#§#T§§#
..#.).#__#...'.#§§§#
..#___#__'...#.#§§§#
▓▓▓▓▓▓▓▓▓▓▓▓▓▓▓▓▓▓▓▓


You could see Snorg (berserk).

Vanquished Creatures
  A deep elf pyromancer (D)
  A shadow (D)
  A spatial vortex (D)
  A necrophage (D)
  A water elemental (D)
  A jelly (D)
  A wizard (D)
  Jessica (D)
  A necromancer (D)
  A kobold demonologist (D)
  3 humans (D)
  A wolf (D)
  An endoplasm (D)
  A rat (D)
16 creatures vanquished.

Notes
Turn   | Place    | Note
-------+----------+-------------------------------------------
     0 | D        | rocky1 the Merfolk Gladiator began the quest for the Orb.
     0 | D        | Reached XP level 1. HP: 16/16 MP: 1/1
     9 | D        | Reached skill level 4 in Long Blades
    14 | D        | Noticed Jessica
    16 | D        | Killed Jessica
    17 | D        | Reached skill level 5 in Long Blades
    17 | D        | Reached XP level 2. HP: 24/24 MP: 2/2
    17 | D        | Reached XP level 3. HP: 29/29 MP: 3/3
    48 | D        | Reached skill level 6 in Long Blades
    48 | D        | Reached skill level 1 in Spellcasting
    85 | D        | Reached XP level 4. HP: 10/35 MP: 4/6
   316 | D        | Noticed a water elemental
   321 | D        | Killed a water elemental
   322 | D        | Reached skill level 7 in Long Blades
   322 | D        | Reached skill level 1 in Armour
   322 | D        | Reached skill level 1 in Stealth
   322 | D        | Reached XP level 5. HP: 42/42 MP: 6/9
   376 | D        | Noticed a shadow
   385 | D        | Killed a shadow
   386 | D        | Reached skill level 9 in Long Blades
   386 | D        | Reached XP level 6. HP: 42/49 MP: 9/12
   437 | D        | Found a blossoming altar of Fedhas.
   437 | D        | Found a stormy altar of Qazlal.
   437 | D        | Found a snail-covered altar of Cheibriados.
   437 | D        | Found a burning altar of Makhleb.
   437 | D        | Found a shimmering altar of Xom.
   437 | D        | Noticed a spatial vortex
   438 | D        | Found a hazy altar of Hepliaklqana.
   438 | D        | Found an opulent altar of Gozag.
   438 | D        | Found a sparkling altar of Nemelex Xobeh.
   438 | D        | Found a corrupted altar of Lugonu.
   438 | D        | Found a viscous altar of Jiyva.
   442 | D        | Became a worshipper of Gozag Ym Sagoz the Greedy
   457 | D        | Killed a spatial vortex
   458 | D        | Reached skill level 5 in Fighting
   458 | D        | Reached skill level 10 in Long Blades
   458 | D        | Reached skill level 10 in Dodging
   458 | D        | Reached skill level 5 in Spellcasting
   525 | D        | Found a basalt altar of Yredelemnul.
   525 | D        | Found a shadowy altar of Dithmenos.
   525 | D        | Found a sacrificial altar of Ru.
   532 | D        | Reached XP level 7. HP: 29/56 MP: 13/15
   539 | D        | Reached skill level 11 in Long Blades
   652 | D        | Found a radiant altar of Vehumet.
   652 | D        | Found a shimmering blue altar of Sif Muna.
   652 | D        | Found an ancient bone altar of Kikubaaqudgha.
   657 | D        | Noticed a hellwing
   678 | D        | Learned a level 2 spell: Wereblood
   751 | D        | Found a hide-covered altar of Uskayaw.
   751 | D        | Found an iron altar of Okawaru.
   751 | D        | Found a bloodstained altar of Trog.
   751 | D        | Found an ornate altar of the Wu Jian Council.
   751 | D        | Noticed a human
   751 | D        | Noticed a human
   795 | D        | Killed a human
   806 | D        | Killed a human
   807 | D        | Reached skill level 12 in Long Blades
   875 | D        | Found a glowing silver altar of Zin.
   875 | D        | Found a glowing golden altar of the Shining One.
   875 | D        | Found a white marble altar of Elyvilon.
   876 | D        | Noticed a deep elf pyromancer
   883 | D        | Noticed a fire elemental
   884 | D        | Killed a deep elf pyromancer
   885 | D        | Reached skill level 13 in Long Blades
   885 | D        | Reached XP level 8. HP: 52/67 MP: 16/18
   954 | D        | Noticed Snorg
   966 | D        | HP: 3/67 [Snorg (10)]
   967 | D        | Mangled by Snorg

Illustrated notes

Levels and vault maps discovered:
D:        dungeon_sprint_mu [sprint_mu_entry_forest, sprint_mu_temple_rooms,
          sprint_mu_d1_horrors, sprint_mu_d2_genie, sprint_mu_d3_branching,
          sprint_mu_orc_legion, sprint_mu_elf_gauntlet, sprint_mu_hive_nellie,
          sprint_mu_lair_fedhas, sprint_mu_vaults_butterflies,
          sprint_mu_slime_circle, sprint_mu_swamp_cave, sprint_mu_snake_twists,
          sprint_mu_blade_basic, sprint_mu_crypt_fortress,
          sprint_mu_tomb_spiral, sprint_mu_vestibule_basic,
          sprint_mu_gehenna_hellfire, sprint_mu_dis_giant,
          sprint_mu_tartarus_statrot, sprint_mu_cocytus_islands, sprint_mu_zot1]

Skill      XL: |  1  2  3  4  5  6  7 |
---------------+----------------------+-----
Long Blades    | 5 6 7 9 10 13 | 13.1
Fighting       | 3 4 5 7 |  7.2
Dodging        | 6 7 8 9 10 11 | 11.2
Spellcasting   | 1 2 4 5 7 |  7.1
Armour         | 1 2 4 |  4.3
Stealth        | 1 2 3 4 |  4.7
Throwing       | |  2.7

Action                   |  1- 3 |  4- 6 |  7- 9 || total
-------------------------+-------+-------+-------++-------
Melee: Long sword        |    22 |    28 |    53 ||   103
       Tailslap          |     1 |       |     2 ||     3
       Punch             |       |       |     2 ||     2
Throw: Throwing net      |     3 |       |     1 ||     4
Invok: Potion Petition   |       |       |     1 ||     1
  Use: Potion            |       |     1 |     3 ||     4
 Stab: Held in net/web   |     1 |       |       ||     1
       Sleeping          |     1 |       |       ||     1
Armor: Leather armour    |     5 |       |     8 ||    13
Dodge: Dodged            |    18 |    14 |    40 ||    72

Table legend: (Time is in decaauts)
 A = Elapsed time spent in this place.
 B = Non-inter-level travel time spent in this place.
 C = Inter-level travel time spent in this place.
 D = Time resting spent in this place.
 E = Time spent auto-exploring this place.
 F = Levels seen in this place.
 G = Mean time per level.
                   A        B        C        D        E       F      G
               +--------+--------+--------+--------+--------+-----+--------+
         Total |    944 |    934 |     10 |    580 |      5 |   1 |  944.0 |
       Dungeon |    944 |    934 |     10 |    580 |      5 |   1 |  944.0 |
               +--------+--------+--------+--------+--------+-----+--------+

Top non-repeatable levels by time:
       D: 944 daAuts
